 Dungeon Crawl Stone Soup version 0.32-a0-643-ga006e7742e (webtiles) character file.

Game seed: 5007291539435508616

77 whatisthis the Slasher (level 4, -10/35 HPs)
             Began as a Demonspawn Gladiator on Mar 7, 2024.
             Mangled by a gnoll
             ... wielding a +0 flail
              (13 damage)
             ... on level 1 of the Dungeon.
             The game lasted 00:02:55 (1321 turns).

whatisthis the Slasher (Demonspawn Gladiator)       Turns: 1321, Time: 00:02:56

Health: -10/35     AC:  4    Str: 14    XL:     4   Next: 14%
Magic:  4/4        EV: 12    Int:  9    God:
Gold:   52         SH:  4    Dex: 16    Spells: 3/3 levels left

rFire   . . .        f - +0 scimitar
rCold   . . .        (no shield)
rNeg    . . .        b - +0 leather armour
rPois   +            j - +0 helmet
rElec   .            (no cloak)
rCorr   .            (no gloves)
SInv    .            (no boots)
Will    .....        (no amulet)
Stlth   +            l - ring of poison resistance
HPRegen 0.25/turn    (no ring)
MPRegen 0.09/turn

%: no passive effects
@: wreathed by umbra
A: condensation shield, foul shadow 1
a: no special abilities


You were on level 1 of the Dungeon.
You visited 1 branch of the dungeon, and saw 2 of its levels.

You collected 52 gold pieces.

Inventory:

Hand Weapons
 a - a +0 long sword
 f - a +0 scimitar (weapon)
Missiles
 c - 5 poisoned darts
 e - a javelin
Armour
 b - a +0 leather armour (worn)
 j - a +0 helmet (worn)
Jewellery
 l - a ring of poison resistance (left hand)
Scrolls
 g - 3 scrolls of identify {unknown}
 i - a scroll of fear {unknown}
Potions
 h - a potion of mutation {unknown}
 k - a potion of enlightenment {unknown}


   Skills:
 + Level 3.4 Fighting
 + Level 3.7 Long Blades
 - Level 1.7 Throwing
 - Level 2.6 Dodging


You had 3 spell levels left.
You didn't know any spells.
Your spell library was empty.

Dungeon Overview and Level Annotations

Branches:
Dungeon (2/15)

Altars:


Innate Abilities, Weirdness & Mutations

A meltable shield of frost defends you. (SH +4)
You are faintly shadowed, very rarely releasing foul flame when damaged in melee.


Message History

You start resting.
HP restored.
There is a stone staircase leading down here.
You climb downwards.
The gnoll hits you with a +0 flail! The gnoll hits you with a +0 flail.
There is a stone staircase leading up, spattered with blood here.
The gnoll misses you. The gnoll barely misses you.
You climb upwards.
There is a stone staircase leading down here.
You hit the gnoll but do no damage. The gnoll hits you with a +0 flail!
You hit the gnoll but do no damage. The gnoll misses you.
You barely miss the gnoll. The gnoll hits you with a +0 flail!
* * * LOW HITPOINT WARNING * * *
You closely miss the gnoll. The gnoll hits you with a +0 flail.
* * * LOW HITPOINT WARNING * * *
Press: ? - help, v - describe, . - travel, g - get item
Here: a gnoll, wielding a +0 flail (umbra)
Items here: a +0 flail; a gnoll corpse.
The floor.
Unknown command.
Okay, then.
Throw: 3 throwing nets
Press: ? - help, Q - select action, (/) - cycle Shift-Dir - straight line, f - gnoll
Aim: a gnoll, wielding a +0 flail (umbra, 61% to hit)
You throw a throwing net.
The throwing net barely misses the gnoll.
The gnoll barely misses you.
Throw: 2 throwing nets
Press: ? - help, Q - select action, (/) - cycle Shift-Dir - straight line, f/p - gnoll
Aim: a gnoll, wielding a +0 flail (umbra, 61% to hit)
You throw a throwing net.
The throwing net closely misses the gnoll.
The gnoll completely misses you.
Throw: throwing net
Press: ? - help, Q - select action, (/) - cycle Shift-Dir - straight line, f/p - gnoll
Aim: a gnoll, wielding a +0 flail (umbra, 61% to hit)
You throw a throwing net.
The throwing net barely misses the gnoll.
The gnoll hits you with a +0 flail!
You die...

### #########
#.###....[..#
##...........#
.'...........#
##...........#
#...........#
##.########'######
.....†...(.....g@#
...########.##.###
...'......#.##.#
...######.#.#..#
#### #.###.## ####
##'###.# ...#
#....#.# ##.#
#....#.# ...#
#....#.# #########


You could see a gnoll.

Vanquished Creatures
  A gnoll (D:1)
  3 adders (D:2)
  2 dart slugs
  A ribbon worm (D:2)
  5 ball pythons
  A bat (D:1)
  An endoplasm (D:2)
  2 giant cockroaches (D:1)
  4 goblins
  4 hobgoblins
  2 quokkas
  2 frilled lizards
  2 kobolds (D:1)
  4 rats
34 creatures vanquished.

Notes
Turn   | Place    | Note
-------+----------+-------------------------------------------
     0 | D:1      | whatisthis the Demonspawn Gladiator began the quest for the
                  | Orb.
     0 | D:1      | Reached XP level 1. HP: 16/16 MP: 1/1
   246 | D:1      | Gained mutation: You are faintly shadowed, very rarely
                  | releasing foul flame when damaged in melee. [demonic
                  | ancestry]
   246 | D:1      | Reached XP level 2. HP: 19/23 MP: 2/2
   836 | D:2      | Gained mutation: A meltable shield of frost defends you.
                  | (SH +4) [demonic ancestry]
   836 | D:2      | Reached XP level 3. HP: 27/29 MP: 3/3
  1099 | D:2      | Reached XP level 4. HP: 33/35 MP: 4/4
  1321 | D:1      | Mangled by a gnoll

Illustrated notes

Levels and vault maps discovered:
D:1:      wheals_arrival_linesprint, layout_basic
D:2:      layout_loops_corners

Skill      XL: |  1  2 |
---------------+-------+-----
Long Blades    | 3 |  3.7
Fighting       | 3 |  3.4
Throwing       | |  1.7
Dodging        | |  2.6

Action                     |  1- 3 |  4- 6 || total
---------------------------+-------+-------++-------
  Melee: Scimitar          |    87 |    13 ||   100
         Long sword        |    12 |       ||    12
  Throw: Throwing net      |       |     3 ||     3
   Stab: Sleeping          |     1 |       ||     1
 Armour: Leather armour    |    50 |    11 ||    61
  Dodge: Dodged            |    78 |     9 ||    87
  Block: Other             |     4 |     1 ||     5

Table legend: (Time is in decaauts)
 A = Elapsed time spent in this place.
 B = Non-inter-level travel time spent in this place.
 C = Inter-level travel time spent in this place.
 D = Time resting spent in this place.
 E = Time spent auto-exploring this place.
 F = Levels seen in this place.
 G = Mean time per level.
                   A        B        C        D        E       F      G
               +--------+--------+--------+--------+--------+-----+--------+
         Total |   1348 |   1275 |     73 |     90 |    796 |   2 |  674.0 |
       Dungeon |   1348 |   1275 |     73 |     90 |    796 |   2 |  674.0 |
               +--------+--------+--------+--------+--------+-----+--------+

Top non-repeatable levels by time:
     D:1: 932 daAuts
     D:2: 416 daAuts
